 Dungeon Crawl Stone Soup version 0.29-a0-23-ga79f92ac9c (webtiles) character file.

Game seed: 14805403796203237579

38 HallandMoats the Skirmisher (level 3, -12/20 HPs)
             Began as a Vine Stalker Fighter on Jan 30, 2022.
             Mangled by Crazy Yiuf (14 damage)
             ... on level 2 of the Dungeon.
             The game lasted 00:01:21 (1560 turns).

HallandMoats the Skirmisher (Vine Stalker Fighter)  Turns: 1560, Time: 00:01:21

Health: -12/20     AC:  7    Str: 18    XL:     3   Next: 43%
Magic:  0/4        EV:  9    Int:  8    God:
Gold:   60         SH:  5    Dex: 15    Spells: 2/2 levels left

rFire   . . .      SeeInvis .   a - +0 war axe
rCold   . . .      Faith    .   c - +0 buckler
rNeg    . . .      Spirit   +   b - +0 scale mail
rPois   .          Reflect  .   (no helmet)
rElec   .          Harm     .   (no cloak)
rCorr   .          Rampage  .   h - +0 pair of gloves
Will    .....                   (no boots)
Stlth   ..........              (no amulet)
HPRegen 0.06/turn               (no ring)
MPRegen 0.09/turn               (no ring)

@: mighty, lethally poisoned (-12 -> -21)
A: fangs 2, magic shield, antimagic bite, no potion heal 2
a: no special abilities


You were on level 2 of the Dungeon.
You visited 1 branch of the dungeon, and saw 2 of its levels.

You collected 60 gold pieces.

Inventory:

Hand Weapons
 a - a +0 war axe (weapon)
Armour
 b - a +0 scale mail (worn)
 c - a +0 buckler (worn)
 h - a +0 pair of gloves (worn)
Jewellery
 i - an amulet of the acrobat
Scrolls
 f - 2 scrolls of torment {unknown}
 g - a scroll of fog {unknown}
 k - a scroll of silence {unknown}
Potions
 e - 2 potions of curing {unknown}
 j - a potion of heal wounds {unknown}


   Skills:
 * Level 3.0 Fighting
 * Level 2.2 Axes
 + Level 2.5 Armour
 + Level 0.5 Dodging
 + Level 2.8 Shields
 * Level 1.1 Invocations


You had 2 spell levels left.
You didn't know any spells.
Your spell library was empty.

Dungeon Overview and Level Annotations

Branches:
Dungeon (2/15)

Altars:
Ru

Annotations:
D:2 Crazy Yiuf


Innate Abilities, Weirdness & Mutations

You have extremely sharp teeth.
When hurt, damage is shared between your health and your magic reserves.
Your bite disrupts and absorbs the magic of your enemies.
Potions cannot restore your health.


Message History

No target in view!
No target in view!
No target in view!
No target in view!
No target in view!
No target in view!
No target in view!
Found a stone staircase leading up.
There is a dry fountain here.
Key pressed, stopping explore.
Things that are here:
a +0 dagger; 2 stones
Found a sacrificial altar of Ru.
Things that are here:
a +0 dagger; 2 stones You see here a +0 dagger.
Crazy Yiuf shouts!
Could not explore, unopened runed door.
Could not explore, unopened runed door.
You feel very mighty all of a sudden.
You open the door. You slash Crazy Yiuf! Your bite misses Crazy Yiuf.
Crazy Yiuf is severely wounded.
Crazy Yiuf says, "Tosser eyeball cower!"
Crazy Yiuf hits you with a +2 quarterstaff of chaos!
You are lethally poisoned!
You hit Crazy Yiuf.
Crazy Yiuf is almost dead.
You feel very sick. Crazy Yiuf misses you.
You closely miss Crazy Yiuf.
Crazy Yiuf is almost dead.
* * * LOW HITPOINT WARNING * * *
You feel very sick.
Crazy Yiuf zaps a wand.
You resist with some effort.
Crazy Yiuf hits you with a +2 quarterstaff of chaos.
* * * LOW HITPOINT WARNING * * *
You are electrocuted!
Ouch! That really hurt!
You die...

##....####.....##....
#....# #.....###...
#....# #.....# #...
#...## #.....# #...
##.## ####### #...
#.## #... ##.# ####
#.## ##@# #g# ...
#...# #..)# #####


You could see Crazy Yiuf.

Vanquished Creatures
  An adder (D:2)
  2 bats
  2 endoplasms (D:1)
  2 giant cockroaches (D:1)
  2 goblins
  2 hobgoblins (D:1)
  2 jackals (D:2)
  4 kobolds
  4 quokkas
  3 ball pythons
  A frilled lizard (D:2)
  2 rats
27 creatures vanquished.

Notes
Turn   | Place    | Note
-------+----------+-------------------------------------------
     0 | D:1      | HallandMoats the Vine Stalker Fighter began the quest for
                  | the Orb.
     0 | D:1      | Reached XP level 1. HP: 11/11 MP: 2/2
   344 | D:1      | Reached XP level 2. HP: 16/16 MP: 3/3
   640 | D:1      | Found a faded altar of an unknown god.
  1023 | D:2      | Reached skill level 3 in Fighting
  1023 | D:2      | Reached skill level 1 in Invocations
  1023 | D:2      | Reached XP level 3. HP: 20/20 MP: 4/4
  1091 | D:2      | Found a runed translucent door.
  1092 | D:2      | Noticed Crazy Yiuf
  1488 | D:2      | Found a sacrificial altar of Ru.
  1560 | D:2      | Mangled by Crazy Yiuf

Illustrated notes

Levels and vault maps discovered:
D:1:      erik_arrival_blinker_ship, layout_basic, basic_ecumenical_altar
D:2:      layout_rooms, serial_corexii_hall, chequers_hall_statues_corner_a,
          corexii_hall_statues_t, chequers_hall_statues_y,
          corexii_hall_statues_l, chequers_hall_statues_corner_a,
          corexii_hall_statues_t, basic_altar, uniq_crazy_yiuf_cottage

Skill      XL: |  1  2 |
---------------+-------+-----
Axes           | 2 |  2.2
Fighting       | 3 |  3.0
Invocations    | 1 |  1.1
Armour         | |  2.5
Dodging        | |  0.5
Shields        | |  2.8

Action                   || total
-------------------------++-------
Melee: War axe           ||    57
       Bite              ||    11
  Use: Potion            ||     1
Armor: Scale mail        ||    24
Dodge: Dodged            ||    34
Block: Buckler           ||    23

Table legend: (Time is in decaauts)
 A = Elapsed time spent in this place.
 B = Non-inter-level travel time spent in this place.
 C = Inter-level travel time spent in this place.
 D = Time resting spent in this place.
 E = Time spent auto-exploring this place.
 F = Levels seen in this place.
 G = Mean time per level.
                   A        B        C        D        E       F      G
               +--------+--------+--------+--------+--------+-----+--------+
         Total |   1583 |   1548 |     35 |     20 |   1339 |   2 |  791.5 |
       Dungeon |   1583 |   1548 |     35 |     20 |   1339 |   2 |  791.5 |
               +--------+--------+--------+--------+--------+-----+--------+

Top non-repeatable levels by time:
     D:1: 987 daAuts
     D:2: 596 daAuts
